 Dungeon Crawl Stone Soup version 0.28-a0-413-gde365fb1df (webtiles) character file.

Game seed: 2420705191399249291

4 Tocho the Grave Robber (level 1, -2/13 HPs)
             Began as a Vampire Necromancer on Sept 7, 2021.
             Slain by a quokka (4 damage)
             ... on level 1 of the Dungeon.
             The game lasted 00:00:37 (71 turns).

Tocho the Grave Robber (Vampire Necromancer)          Turns: 71, Time: 00:00:38

Health: -2/13      AC:  2    Str:  7    XL:     1   Next: 50%
Magic:  1/3        EV: 12    Int: 17    God:
Gold:   6          SH:  0    Dex: 14    Spells: 3/4 levels left

rFire   + . .      SeeInvis +   b - staff of fire
rCold   . . .      Faith    .   (no shield)
rNeg    . . .      Spirit   .   a - +0 robe
rPois   .          Reflect  .   (no helmet)
rElec   .          Harm     .   (no cloak)
rCorr   .          Rampage  .   (no gloves)
Will    .....                   (no boots)
Stlth   ++........              (no amulet)
HPRegen 0.24/turn               (no ring)
MPRegen 0.08/turn               (no ring)

@: healing quickly
A: alive, fangs 3, see invisible, vampiric 1
a: Exsanguinate


You were on level 1 of the Dungeon.
You visited 1 branch of the dungeon, and saw 1 of its levels.

You collected 6 gold pieces.

Inventory:

Armour
 a - a +0 robe (worn)
Magical Staves
 b - a staff of fire (weapon)


   Skills:
 + Level 2.2 Dodging
 + Level 3.0 Stealth
 + Level 2.0 Spellcasting
 + Level 4.6 Necromancy


You had 3 spell levels left.
You knew the following spells:

 Your Spells              Type           Power      Damage    Failure   Level
a - Pain                  Necr           68%        1d7       3%          1

Your spell library contained the following spells:

 Spells                   Type           Power      Damage    Failure   Level
 Animate Skeleton         Necr           34%        N/A       3%          1
 Vampiric Draining        Necr           8%         2d7       9%          3
 Animate Dead             Necr           8%         N/A       28%         4
 Agony                    Necr           17%        N/A       63%         5


Dungeon Overview and Level Annotations

Branches:
Dungeon (1/15)

Altars:


Innate Abilities, Weirdness & Mutations

Your natural rate of healing is accelerated.
You have razor-sharp teeth.
You have supernaturally acute eyesight. (SInv)
You are afflicted with vampirism.


Message History

The jackal barely misses you. The bat misses you.
You barely miss the jackal.
The jackal is heavily wounded.
The bat hits you.
The jackal bites you but does no damage.
The jackal bites you.
You hit the jackal.
The jackal is severely wounded.
The bat barely misses you. x2
The jackal bites you but does no damage.
The bat hits you.
You completely miss the jackal. Your bite misses the jackal.
The jackal is severely wounded.
The bat barely misses you. x2; The jackal barely misses you.
The jackal bites you.
Aiming: Pain (safe; 3% risk of failure)
Press: ? - help, Q - select action Shift-Dir - straight line, f - jackal
Aim: a jackal (severely wounded, chance to affect: 87%)
The jackal barely resists.
The bat closely misses you. The bat barely misses you.
The jackal barely misses you.
Aiming: Pain (safe; 3% risk of failure)
Press: ? - help, Q - select action Shift-Dir - straight line, f/p - jackal
Aim: a jackal (severely wounded, chance to affect: 87%)
The jackal writhes in agony!
You kill the jackal!
The bat barely misses you. The bat barely misses you.
You hit the bat.
The bat is severely wounded.
The bat barely misses you. The quokka closely misses you. The quokka bites you.
* * * LOW HITPOINT WARNING * * *
The bat hits you.
* * * LOW HITPOINT WARNING * * *
Found 5 gold pieces.
The bat closely misses you. The bat hits you but does no damage.
You hit the bat.
You kill the bat!
The quokka closely misses you. The quokka bites you.
You die...

.. #.. ..$ .. ....#.
###.######.#?. #
#............#
#.#.#......#.#.#
?.............#.#..
#.#......r.#†......#
#.#...###†.#@# #.####
#...##....##r# #....######
#....#†###.# #.....÷...#
#....#.....# #..##.....##
#....#######.#..##......##
#............#...÷.###...##
##....########....## #..÷..
#....# #.#### ##.... #....#
#.# #....


You could see a quokka.

Vanquished Creatures
  2 giant cockroaches (D:1)
  A jackal (D:1)
  A bat (D:1)
4 creatures vanquished.

Notes
Turn   | Place    | Note
-------+----------+-------------------------------------------
     0 | D:1      | Tocho the Vampire Necromancer began the quest for the Orb.
     0 | D:1      | Reached XP level 1. HP: 13/13 MP: 3/3
    71 | D:1      | Slain by a quokka

Illustrated notes

Levels and vault maps discovered:
D:1:      amcnicky_arrival_wind_blow, layout_basic

Action                   || total
-------------------------++-------
Melee: Staff             ||    11
       Bite              ||     1
 Cast: Pain              ||     4
 Stab: Sleeping          ||     1
Armor: Robe              ||     4
Dodge: Dodged            ||    23

Table legend: (Time is in decaauts)
 A = Elapsed time spent in this place.
 B = Non-inter-level travel time spent in this place.
 C = Inter-level travel time spent in this place.
 D = Time resting spent in this place.
 E = Time spent auto-exploring this place.
 F = Levels seen in this place.
 G = Mean time per level.
                   A        B        C        D        E       F      G
               +--------+--------+--------+--------+--------+-----+--------+
         Total |     72 |     72 |      0 |      0 |     32 |   1 |   72.0 |
       Dungeon |     72 |     72 |      0 |      0 |     32 |   1 |   72.0 |
               +--------+--------+--------+--------+--------+-----+--------+

Top non-repeatable levels by time:
     D:1: 72 daAuts
